 Dungeon Crawl Stone Soup version 0.23.0-3-gf3c87f2 (webtiles) character file.

Game seed: 12035752758357102901

182 elfaar the Ruffian (level 5, -2/40 HPs)
             Began as a Draconian Transmuter on Feb 19, 2019.
             Killed from afar by an orc wizard (10 damage)
             ... with a puff of flame
             ... on level 3 of the Dungeon on Feb 20, 2019.
             The game lasted 00:22:21 (2762 turns).

elfaar the Ruffian (Draconian Transmuter)           Turns: 2762, Time: 00:22:21

Health: -2/40      AC:  5    Str: 13    XL:     5   Next: 34%
Magic:  6/9        EV: 12    Int: 14    God:
Gold:   87         SH:  0    Dex: 11    Spells: 4/10 levels left

rFire    . . .     SeeInvis .     - Unarmed
rCold    . . .     Gourm    .   (no shield)
rNeg     . . .     Faith    .   (armour unavailable)
rPois    .         Spirit   .   (helmet restricted)
rElec    .         Reflect  .   (no cloak)
rCorr    .         Harm     .   (no gloves)
MR       .....                  (no boots)
Stlth    +.........             (no amulet)
HPRegen  0.13/turn              (no ring)
MPRegen  0.11/turn              (no ring)

@: confused
A: unfitting armour, cold-blooded, AC +5
a: no special abilities


You were on level 3 of the Dungeon.
You were not hungry.

You visited 1 branch of the dungeon, and saw 3 of its levels.

You collected 87 gold pieces.

Inventory:

Missiles
 a - 88 arrows
 e - 18 poisoned needles
 l - a throwing net (quivered)
Jewellery
 g - an uncursed amulet of faith
Scrolls
 k - a scroll of blinking
Potions
 b - a potion of curing {unknown}
 d - a potion of mutation {unknown}
 f - 2 potions of haste {unknown}
 h - 2 potions of lignification {unknown}
Comestibles
 c - 4 rations
 i - a chunk of flesh


   Skills:
 + Level 1.4 Fighting
 + Level 2.2 Dodging
 + Level 1.1 Stealth
 + Level 4.1 Unarmed Combat
 + Level 3.0 Spellcasting
 + Level 3.2 Transmutations
 + Level 0.2 Poison Magic


You had 4 spell levels left.
You knew the following spells:

 Your Spells              Type           Power        Failure   Level  Hunger
a - Beastly Appendage     Tmut           ##....       5%          1    #......
b - Sticks to Snakes      Tmut           ##......     9%          2    ##.....
c - Spider Form           Tmut/Pois      #.........   30%         3    ###....

Your spell library contained the following spells:

 Spells                   Type           Power        Failure   Level  Hunger
 Ice Form                 Ice/Tmut       #.......     73%         4    #####..
 Blade Hands              Tmut           ##........   83%         5    ######.


Dungeon Overview and Level Annotations

Branches:
Dungeon (3/15)

Altars:
Makhleb
Nemelex Xobeh


Innate Abilities, Weirdness & Mutations

Your plain brown scales are hard. (AC +5)
You cannot fit into any form of body armour.
You are cold-blooded and may be slowed by cold attacks.


Message History

Your adder misses the orc.
An orc comes into view. It is wielding a +0 dagger.
Your adder closely misses the orc.
Your adder completely misses the orc.
You barely miss the orc.
Your adder bites the orc.
The orc misses your adder.
You punch the orc!
You kill the orc!
You feel sick.
You feel sick.
You are no longer poisoned.
Your adder withers and dies!
You hear the rapid rusting of a distant drain.
The orc wizard gestures at you while chanting.
You are confused.
You're too confused to cast spells.
The orc wizard gestures at you while chanting.
You resist with some effort.
The orc wizard gestures at you while chanting.
The puff of flame hits you!
You die...

#.#################.# ##.# #.#
.#.# #.# .#.# #.# ...# #)# .###
#.####### .# #######.......# .#
######### #.........###.# #
.##........###..@....o.###.####.
.##.# #..............o..........
.##.# #.##.############......#
.##.# #.##.### #......#
.##.###.##...# #......+
.##..........# #.o....#
.#<...#..#...# #######.#.###.#
.).<)........# #.............#
##).#....##### #.........#####


You could see an orc wizard and an orc.

Vanquished Creatures
  6 adders
  An ooze (D:1)
  2 dart slugs (D:1)
  9 orcs
  3 giant cockroaches (D:1)
  8 goblins
  3 hobgoblins
  3 jackals (D:1)
  6 kobolds
  2 quokkas (D:2)
  A ball python (D:2)
  7 bats
  2 frilled lizards
  7 rats
  2 fungi (D:1)
62 creatures vanquished.

Vanquished Creatures (collateral kills)
  2 orc priests (D:3)
  An adder (D:3)
  An orc (D:3)
  A bat (D:1)
  A goblin (D:2)
  2 kobolds (D:1)
  A frilled lizard (D:3)
  3 rats
12 creatures vanquished.

Grand Total: 74 creatures vanquished

Notes
Turn   | Place    | Note
-------+----------+-------------------------------------------
     0 | D:1      | elfaar the Draconian Transmuter began the quest for the
                  | Orb.
     0 | D:1      | Reached XP level 1. HP: 16/16 MP: 3/3
   230 | D:1      | Reached XP level 2. HP: 19/23 MP: 3/5
   582 | D:1      | Learned a level 2 spell: Sticks to Snakes
   673 | D:1      | Upgraded the game from 0.23.0-2-g0fe3ce5 to
                  | 0.23.0-3-gf3c87f2
   766 | D:1      | Reached XP level 3. HP: 28/28 MP: 3/6
   784 | D:1      | Learned a level 3 spell: Spider Form
  1394 | D:2      | Found a sparkling altar of Nemelex Xobeh.
  1426 | D:2      | Reached skill level 4 in Unarmed Combat
  1426 | D:2      | Reached XP level 4. HP: 32/35 MP: 1/7
  2236 | D:3      | Found a burning altar of Makhleb.
  2236 | D:3      | Noticed a green death
  2240 | D:3      | Noticed a ynoxinul
  2240 | D:3      | Noticed a hellwing
  2566 | D:3      | Reached XP level 5. HP: 16/40 MP: 3/9
  2718 | D:3      | Reached skill level 1 in Stealth
  2762 | D:3      | Killed from afar by an orc wizard

Skill      XL: |  1  2  3  4  5 |
---------------+----------------+-----
Dodging        | 2 |  2.2
Unarmed Combat | 4 |  4.1
Transmutations | 3 |  3.2
Stealth        | 1 |  1.1
Spellcasting   | 3 |  3.0
Fighting       | |  1.4
Poison Magic   | |  0.2

Action                   |  1- 3 |  4- 6 || total
-------------------------+-------+-------++-------
Melee: Unarmed           |   131 |   110 ||   241
       Tailslap          |    24 |    18 ||    42
       Kick              |     5 |     6 ||    11
       Headbutt          |     2 |     7 ||     9
       Punch             |       |     4 ||     4
 Cast: Beastly Appendage |    16 |    13 ||    29
       Sticks to Snakes  |     1 |     8 ||     9
       Spider Form       |     6 |     1 ||     7
  Use: Scroll            |     1 |     3 ||     4
  Eat: Chunk             |     3 |     6 ||     9
Armor: Skin              |    23 |    20 ||    43
Dodge: Dodged            |    72 |    34 ||   106
